 Dungeon Crawl Stone Soup version 0.30-a0-121-gb27577e5d9 (webtiles) character file.

Game seed: 5455566392013623503

11 Colgate the Insei (level 2, -3/18 HPs)
             Began as an Octopode Transmuter on Sept 14, 2022.
             Was a Believer of Ru.
             Slain by a gnoll
             ... wielding a +0 spear
              (6 damage)
             ... on level 1 of the Dungeon.
             The game lasted 00:02:07 (517 turns).

Colgate the Insei (Octopode Transmuter)              Turns: 517, Time: 00:02:08

Health: -3/18      AC:  1    Str:  9    XL:     2   Next: 25%
Magic:  4/5        EV: 12    Int: 15    God:    Ru [**....]
Gold:   12         SH:  0    Dex: 12    Spells: 4/5 levels left

rFire   . . .      SeeInvis .      - Unarmed
rCold   . . .      Faith    .    (no shield)
rNeg    . . .      Spirit   .    (helmet currently unavailable)
rPois   .          Reflect  .    (no amulet)
rElec   .          Harm     .    (no ring)
rCorr   .          Rampage  .    (no ring)
Will    .....                    (no ring)
Stlth   ++........               (no ring)
HPRegen 0.06/turn                (no ring)
MPRegen 0.09/turn                (no ring)
                                 (no ring)
                                 (no ring)

@: appendages
A: tentacle spike 3, almost no armour, amphibious, 8 rings, camouflage 1,
gelatinous body 1, inability to train dodging, (nimble swimmer 1), tentacles
a: End Transformation, Renounce Religion


You were on level 1 of the Dungeon.
You worshipped Ru.
Ru was pleased with you.
One of your tentacles had grown a beastly spike.
You visited 1 branch of the dungeon, and saw 1 of its levels.

You collected 12 gold pieces.

Inventory:

Scrolls
 c - a scroll of amnesia {unknown}
Potions
 a - a potion of lignification
 b - a potion of haste {unknown}


   Skills:
 - Level 1.0 Fighting
 + Level 3.6 Unarmed Combat
 - Level 2.0 Spellcasting
 - Level 2.0 Transmutations


You had 4 spell levels left.
You knew the following spells:

 Your Spells              Type           Power      Damage    Failure   Level
a - Beastly Appendage     Tmut           14%        N/A       10%         1

Your spell library contained the following spells:

 Spells                   Type           Power      Damage    Failure   Level
 Wereblood                Tmut           7%         N/A       14%         2
 Spider Form              Tmut/Pois      4%         N/A       41%         3
 Ice Form                 Ice/Tmut       4%         N/A       82%         4


Dungeon Overview and Level Annotations

Branches:
Dungeon (1/15)

Altars:
Ru


Innate Abilities, Weirdness & Mutations

One of your tentacles has grown a beastly spike.
You cannot wear most types of armour.
You are amphibious.
You can wear up to eight rings at the same time.
Your skin changes colour to match your surroundings (Stealth+).
Your rubbery body absorbs attacks. (AC +1, EV +1)
You cannot train Dodging skill.
((You are camouflaged when in or above water. (Stealth+)))
You have tentacles for arms and can constrict up to eight enemies at once.


Message History

You have reached level 2!
You start resting.
A bat comes into view.
The bat moves out of view.
You start resting.
A frilled lizard comes into view.
A frilled lizard is nearby!
You closely miss the frilled lizard. You grab the frilled lizard.
You constrict the frilled lizard.
You kill the frilled lizard!
The bat closely misses you.
You barely miss the bat. Your grab misses the bat. The bat barely misses you.
The bat barely misses you.
You closely miss the bat. Your grab misses the bat. The bat hits you.
You barely miss the bat. Your grab misses the bat. The bat barely misses you.
The bat hits you.
You closely miss the bat. Your grab misses the bat. The bat hits you.
You tentacle-slap the bat.
You kill the bat!
You are too injured to fight recklessly!
HP restored.
A gnoll and a giant cockroach come into view.
The gnoll shouts!
The gnoll moves out of view.
One of your tentacles grows a vicious spike.
You closely miss the giant cockroach. You grab the giant cockroach.
You constrict the giant cockroach. The giant cockroach bites you.
You barely miss the giant cockroach.
Your squeeze misses the giant cockroach.
You constrict the giant cockroach. The gnoll misses you.
The giant cockroach barely misses you.
You tentacle-slap the giant cockroach.
You kill the giant cockroach!
The gnoll hits you from afar with a +0 spear!
The gnoll hits you with a +0 spear!
* * * LOW HITPOINT WARNING * * *
You see here a giant cockroach corpse.
You tentacle-slap the gnoll. Your grab misses the gnoll.
You pierce the gnoll.
Your squeeze misses the gnoll. The gnoll hits you with a +0 spear.
You die...

############
.~...~..~....
~.....~.~....
~~~~~~~~~...
≈≈≈~≈≈≈..... ≈
≈≈≈≈~..###+### ##
~♣♣♣≈≈~~........ .# .#
≈._.≈≈~......#.##.#...#
~♣♣K≈≈~..### #..@g....#
~†~≈≈≈≈~.# #.#......#
≈≈≈≈†≈b~.# #.##.#.###
≈~~≈≈≈~..# #.# .# #
≈~..≈~~..#####.# ##
.~..~..........#
###.#################
....................#
..#.###############.#


You could see a gnoll.

Vanquished Creatures
  3 bats (D:1)
  2 giant cockroaches (D:1)
  2 goblins (D:1)
  A ball python (D:1)
  A frilled lizard (D:1)
  A rat (D:1)
10 creatures vanquished.

Notes
Turn   | Place    | Note
-------+----------+-------------------------------------------
     0 | D:1      | Colgate the Octopode Transmuter began the quest for the
                  | Orb.
     0 | D:1      | Reached XP level 1. HP: 13/13 MP: 3/3
   186 | D:1      | Found a faded altar of an unknown god.
   200 | D:1      | Prayed at the altar of an unknown god.
   200 | D:1      | Became a worshipper of Ru the Awakened
   208 | D:1      | Gained mutation: You cannot train Dodging skill. [Ru
                  | sacrifice]
   208 | D:1      | Reached * piety under Ru
   208 | D:1      | Reached ** piety under Ru
   215 | D:1      | Reached XP level 2. HP: 3/18 MP: 5/5
   517 | D:1      | Slain by a gnoll

Illustrated notes

Levels and vault maps discovered:
D:1:      dpeg_arrival_windows_large_door, layout_basic,
          chequers_ecumenical_altar_island, serial_bayou_pond_d

Skill      XL: |  1 |
---------------+----+-----
Dodging        | 0 |  0.0
Fighting       | |  1.0
Unarmed Combat | |  3.6
Spellcasting   | |  2.0
Transmutations | |  2.0

Action                   || total
-------------------------++-------
Melee: Unarmed           ||    23
       Tentacles         ||     5
       Constrict         ||     6
       Kick              ||     1
 Cast: Beastly Appendage ||     2
Invok: Sacrifice Nimblen ||     1
 Stab: Sleeping          ||     2
Armor: Skin              ||     2
Dodge: Dodged            ||    14

Table legend: (Time is in decaauts)
 A = Elapsed time spent in this place.
 B = Non-inter-level travel time spent in this place.
 C = Inter-level travel time spent in this place.
 D = Time resting spent in this place.
 E = Time spent auto-exploring this place.
 F = Levels seen in this place.
 G = Mean time per level.
                   A        B        C        D        E       F      G
               +--------+--------+--------+--------+--------+-----+--------+
         Total |    515 |    515 |      0 |     81 |    347 |   1 |  515.0 |
       Dungeon |    515 |    515 |      0 |     81 |    347 |   1 |  515.0 |
               +--------+--------+--------+--------+--------+-----+--------+

Top non-repeatable levels by time:
     D:1: 515 daAuts
